 Dungeon Crawl Stone Soup version 0.29.1-1-gd02db6906a (webtiles) character file.

Game seed: 4444895633587005748

105 vvl the Sneak (level 4, -2/23 HPs)
             Began as a Spriggan Brigand on Sept 27, 2022.
             Slain by Sigmund
             ... wielding a +3 scythe of protection
              (6 damage)
             ... on level 2 of the Dungeon.
             The game lasted 00:06:27 (3262 turns).

vvl the Sneak (Spriggan Brigand)                    Turns: 3262, Time: 00:06:28

Health: -2/23      AC:  3    Str:  7    XL:     4   Next: 53%
Magic:  7/7        EV: 17    Int: 14    God:
Gold:   121        SH:  0    Dex: 16    Spells: 6/6 levels left

rFire   . . .      SeeInvis +   a - +2 dagger
rCold   . . .      Faith    .   (no shield)
rNeg    . . .      Spirit   .   b - +0 robe
rPois   .          Reflect  .   (helmet restricted)
rElec   .          Harm     .   c - +0 cloak
rCorr   .          Rampage  .   (gloves unavailable)
Will    .....                   (boots unavailable)
Stlth   +++.......              (no amulet)
HPRegen 0.07/turn               (no ring)
MPRegen 0.10/turn               (no ring)

@: mighty, very quick
A: very small, no large weapons, unfitting armour, see invisible, speed 3
a: no special abilities


You were on level 2 of the Dungeon.
You visited 1 branch of the dungeon, and saw 4 of its levels.

You collected 121 gold pieces.

Inventory:

Hand Weapons
 a - a +2 dagger (weapon)
Armour
 b - a +0 robe (worn)
 c - a +0 cloak (worn)
Jewellery
 k - a +6 ring of dexterity
Scrolls
 d - 3 scrolls of amnesia {unknown}
 e - a scroll of enchant weapon {unknown}
 g - 2 scrolls of fear {unknown}
 h - 5 scrolls of teleportation {unknown}
 j - 2 scrolls of identify {unknown}
Potions
 l - 2 potions of magic


   Skills:
 + Level 1.9 Fighting
 + Level 2.6 Short Blades
 - Level 2.0 Throwing
 + Level 0.6 Armour
 + Level 2.3 Dodging
 + Level 6.3 Stealth
 + Level 1.5 Spellcasting
 + Level 1.7 Translocations
 + Level 1.4 Transmutations
 + Level 1.5 Evocations


You had 6 spell levels left.
You didn't know any spells.
Your spell library was empty.

Dungeon Overview and Level Annotations

Branches:
Dungeon (4/15)
 Temple: D:4-7

Altars:
Makhleb

Shops:
D:1 :

Annotations:
D:2 Sigmund


Innate Abilities, Weirdness & Mutations

You are very small and have problems with some larger weapons.
You are too small for most types of armour.
You have supernaturally acute eyesight. (SInv)
You cover ground extremely quickly. (Speed+++)


Message History

You hit the jackal.
You kill the jackal!
No target in view!
No target in view!
Sigmund is nearby!
Sigmund is nearby!
Sigmund is nearby!
It was a potion of magic.
Magic courses through your body.
Sigmund shouts!
It was a potion of heal wounds.
You feel much better.
It was a potion of curing.
You feel better. Sigmund says, "I'm your fate."
Sigmund gestures wildly while chanting.
Sigmund flickers and vanishes for a moment.
It was a potion of might.
You feel very mighty all of a sudden.
Sigmund hits you from afar with a +3 scythe of protection.
You barely miss Sigmund. Sigmund misses you.
You barely miss Sigmund. Sigmund closely misses you.
You closely miss Sigmund. You closely miss Sigmund. Sigmund barely misses you.
You hit Sigmund but do no damage. You hit Sigmund.
Sigmund is moderately wounded.
Sigmund hits you with a +3 scythe of protection!
Ouch! That really hurt!
* * * LOW HITPOINT WARNING * * *
You hit Sigmund.
Sigmund is moderately wounded.
Sigmund closely misses you.
You puncture Sigmund!
Sigmund is severely wounded.
You puncture Sigmund!
Sigmund is almost dead.
Sigmund casts a spell at you.
You easily resist.
You hit Sigmund but do no damage.
Sigmund is almost dead.
Sigmund hits you with a +3 scythe of protection.
You die...

##.##.#.### #.# #.#.# #
........# #.# #.#.# #
#....... #.# #
#.......#######'## #
#......(.........# #
#...†#..####.....# #
#....#..####....†# # #
#....#..#........###..#..
#
#..............@@.†....#
#
###K@.........##.†.....#
# #..!........ ##.#..#.#
# #........... #...## #
#........... #..## #
#........... #.## #
###.......... #.# #
..#.......... #.# #
.......###### #


You could see Sigmund (invisible).

Vanquished Creatures
  4 adders
  2 dart slugs
  2 orcs (D:3)
  8 endoplasms
  2 giant cockroaches (D:1)
  6 goblins
  5 hobgoblins
  7 jackals
  3 quokkas
  2 ball pythons (D:1)
  3 bats
  6 frilled lizards
  5 kobolds
  2 rats
57 creatures vanquished.

Notes
Turn   | Place    | Note
-------+----------+-------------------------------------------
     0 | D:1      | vvl the Spriggan Brigand began the quest for the Orb.
     0 | D:1      | Reached XP level 1. HP: 10/10 MP: 2/2
   190 | D:1      | Found Viorcha's Book Boutique.
   219 | D:1      | Reached XP level 2. HP: 10/14 MP: 3/3
   527 | D:1      | Reached skill level 6 in Stealth
   542 | D:1      | Reached skill level 1 in Translocations
   680 | D:1      | Reached skill level 1 in Evocations
   843 | D:1      | Reached XP level 3. HP: 18/18 MP: 5/5
  1006 | D:2      | Reached skill level 1 in Transmutations
  1027 | D:2      | Identified the +1 leather armour "Keraixin" {Contam +Inv
                  | rElec Dex+3}
  1724 | D:2      | Reached skill level 1 in Spellcasting
  2032 | D:2      | Reached XP level 4. HP: 23/23 MP: 6/6
  2134 | D:2      | You fall into a shaft and drop 2 floors!
  2580 | D:3      | Found a burning altar of Makhleb.
  3118 | D:2      | Noticed Sigmund
  3262 | D:2      | Slain by Sigmund

Illustrated notes

Levels and vault maps discovered:
D:1:      lightli_arrival_isolated_outpost, layout_basic, serial_shops,
          nicolae_shop_statue_plus, minmay_tetromino_t2
D:2:      layout_basic, hangedman_decor_clover_reticule, uniq_sigmund
D:3:      layout_loops_corners, lemuel_zombie_altar_kikubaaqudgha,
          general_overflow_altar, nrook_mini_vaults
D:4:      minmay_chambers_of_fours, layout_cave_pools,
          nicolae_overflow_crystal_walls, mainiacjoe_overflow_chevrons,
          ebering_ghost_sewer_d, enter_ossuary_4, uniq_edmund

Skill      XL: |  1  2  3 |
---------------+----------+-----
Stealth        | 6 |  6.3
Translocations | 1 |  1.7
Evocations     | 1 |  1.5
Transmutations | 1 |  1.4
Dodging        | 2 |  2.3
Spellcasting   | 1 |  1.5
Fighting       | |  1.9
Short Blades   | |  2.6
Throwing       | |  2.0
Armour         | |  0.6

Action                   |  1- 3 |  4- 6 || total
-------------------------+-------+-------++-------
Melee: Dagger            |    91 |    87 ||   178
       Punch             |       |     1 ||     1
Throw: Dart              |    17 |       ||    17
  Use: Potion            |       |     4 ||     4
 Stab: Sleeping          |    14 |     4 ||    18
Armor: Robe              |    18 |     5 ||    23
Dodge: Dodged            |    56 |    72 ||   128
